 Dungeon Crawl Stone Soup version 0.26.0-10-g1f06aea511 (webtiles) character file.

Game seed: 16229867793990555146

13979 mopl the Grappler (level 11, -3/89 HPs)
             Began as a Palentonga Transmuter on Jan 16, 2021.
             Was a High Priest of Cheibriados.
             Slain by an orc warrior
             ... wielding a cursed -1 trident
              (23 damage)
             ... on level 11 of the Dungeon.
             The game lasted 00:18:32 (10374 turns).

mopl the Grappler (Palentonga Transmuter)          Turns: 10374, Time: 00:18:33

Health: -3/89      AC: 10    Str: 27    XL:     11   Next: 82%
Magic:  22/29      EV: 13    Int: 27    God:    Cheibriados [*****.]
Gold:   401        SH:  0    Dex: 26    Spells: 8/22 levels left

rFire    . . .     SeeInvis +     - Unarmed
rCold    . . .     Faith    .   (shield currently unavailable)
rNeg     . . .     Spirit   .   M - +0 troll leather armour
rPois    .         Reflect  .   (no helmet)
rElec    .         Harm     .   K - +1 cloak
rCorr    .         Rampage  .   (gloves currently unavailable)
Will     .....                  (no barding)
Stlth    +++.......             q - amulet of magic regeneration
HPRegen  0.64/turn              N - ring of stealth
MPRegen  0.46/turn              B - ring of magical power

@: lethally poisoned (-3 -> -4), blade hands (expiring), corroded, curled up,
very slow
A: large, rugged brown scales 3, see invisible, deformed body, roll 1, armoured
tail, reflexive curl
a: Rolling Charge, End Transformation, Renounce Religion, Bend Time, Temporal
Distortion, Slouch, Step From Time


You were on level 11 of the Dungeon.
You worshipped Cheibriados.
Cheibriados was extremely pleased with you.
You had blades for hands.
You visited 2 branches of the dungeon, and saw 12 of its levels.
You also visited: Sewer.

You collected 696 gold pieces.
You spent 295 gold pieces at shops.

Inventory:

Hand Weapons
 D - a +5 scimitar of flaming
Missiles
 e - 6 javelins
 h - 58 poisoned darts (quivered)
 C - 3 atropa-tipped darts
 I - 11 boomerangs
Armour
 f - a +0 kite shield
 n - a +0 pair of gloves (melded)
 x - a +0 plate armour
 z - a +2 robe of willpower
 K - a +1 cloak (worn)
 M - a +0 troll leather armour (worn)
Jewellery
 q - an amulet of magic regeneration (around neck)
 y - an uncursed ring of flight
 B - a ring of magical power (right scythe-like blade)
 N - a ring of stealth (left scythe-like blade)
Wands
 A - a wand of paralysis (20)
 F - a wand of digging (6)
 H - a wand of disintegration (13)
Scrolls
 a - a scroll of vulnerability
 c - 5 scrolls of remove curse
 j - 4 scrolls of fear
 l - 7 scrolls of teleportation
 m - 2 scrolls of blinking
 p - 3 scrolls of immolation
 v - 5 scrolls of amnesia
 E - a scroll of enchant armour
Potions
 b - 2 potions of cancellation
 d - 2 potions of might
 g - 3 potions of mutation {!q}
 r - 8 potions of flight
 s - 4 potions of curing
 t - 3 potions of heal wounds
 u - 2 potions of attraction
 G - 2 potions of lignification {unknown}
 L - a potion of invisibility {unknown}


   Skills:
 + Level 4.2 Fighting
 + Level 3.1 Throwing
 + Level 4.0 Dodging
 * Level 10.8 Unarmed Combat
 + Level 6.4 Spellcasting
 + Level 9.6 Transmutations
 - Level 4.0 Ice Magic
 - Level 2.0 Poison Magic
 + Level 7.0 Invocations


You had 8 spell levels left.
You knew the following spells:

 Your Spells              Type           Power        Failure   Level
b - Spider Form           Tmut/Pois      20%          21%         3
c - Blade Hands           Tmut           28%          28%         5
d - Ice Form              Ice/Tmut       45%          30%         4
w - Wereblood             Tmut           57%          9%          2

Your spell library contained the following spells:

 Spells                   Type           Power        Failure   Level
 Beastly Appendage        Tmut           100%         8%          1
 Freeze                   Ice            100%         17%         1
 Frozen Ramparts          Ice            60%          30%         3
 Ozocubu's Armour         Ice            30%          30%         3
 Ensorcelled Hibernation  Hex/Ice        38%          32%         2
 Animate Skeleton         Necr           16%          38%         1
 Apportation              Tloc           16%          38%         1
 Corona                   Hex            8%           38%         1
 Pain                     Necr           32%          38%         1
 Summon Small Mammal      Summ           32%          38%         1
 Confusing Touch          Hex            8%           63%         3
 Dazzling Flash           Conj/Hex       16%          63%         3
 Tukima's Dance           Hex            8%           63%         3
 Vampiric Draining        Necr           4%           63%         3
 Hailstorm                Conj/Ice       19%          73%         4
 Summon Ice Beast         Ice/Summ       19%          73%         4
 Animate Dead             Necr           4%           90%         4
 Agony                    Necr           8%           99%         5


Dungeon Overview and Level Annotations

Branches:
Dungeon (11/15)            Temple (1/1) D:5            Lair (0/6) D:9
    Orc (0/2) D:9           Sewer (visited)

Altars:
Cheibriados
Dithmenos
Elyvilon
Fedhas
Kikubaaqudgha
Nemelex Xobeh
Ru
Sif Muna
Uskayaw
Vehumet
Yredelemnul
Zin
The Shining One

Shops:
D:7 *


Innate Abilities, Weirdness & Mutations

You are completely covered in rugged brown scales. (AC +3, +7% HP)
You have supernaturally acute eyesight. (SInv)
Armour fits poorly on your strangely shaped body.
You can roll at nearby foes to attack.
You have a long armoured tail.
You curl defensively after being hit.


Message History

You kill the orc!
Cheibriados thoroughly appreciates the change of pace.
Cheibriados lowers the support of your attributes as your movement quickens.
Your transformation is almost over.
You feel sick. The orc warrior closely misses you.
The brown ugly thing gores you but does no damage.
Your Dodging skill increases to level 4!
Unknown command.
You hit the brown ugly thing but do no damage.
You slash the brown ugly thing, but do no damage.
The brown ugly thing is almost dead.
You feel sick.
The orc warrior hits you with a cursed -1 trident!
* * * LOW HITPOINT WARNING * * *
The brown ugly thing gores you but does no damage.
You slice the brown ugly thing!!
You kill the brown ugly thing!
Cheibriados appreciates the change of pace.
The orc warrior hits you with a cursed -1 trident!!
You die...

........ ..... .......
>.... #...... .....#
##...##. ...... #..#.#..
......### ###..#.#..
........#######.........
......)†..........#.....
...).?o@................
......))..#...##........
.........###.###..####..
##......## #.....## #..
#...#### ##....# #^.
#... #.....# #. #...
#.....# # #... ##....#
##...#


You could see an orc warrior.

Vanquished Creatures
  Erica (D:8)
  2 two-headed ogres
  An unseen horror (D:10)
  Pikel (D:6)
  3 ugly things
  A komodo dragon (D:9)
  A hornet (D:7)
  3 trolls
  13 yaks
  Grum (D:10)
  A wraith (D:10)
  Menkaure (D:5)
  2 wargs (D:9)
  4 water moccasins (D:9)
  Duvessa (D:6)
  3 orc warriors
  4 sky beasts
  6 ogres
  4 ice beasts
  A phantom (D:9)
  5 black bears (D:9)
  2 necrophages (D:10)
  2 wolves (D:10)
  10 centaurs
  3 big kobolds
  4 bullfrogs
  A wyvern skeleton (D:9)
  Dowan (D:6)
  4 scorpions
  5 killer bees
  13 wights
  A howler monkey (D:8)
  A bullfrog zombie (D:5)
  2 quasits
  5 hounds
  4 jellies
  5 orc priests
  2 bullfrog skeletons (D:6)
  4 iguanas
  8 orc wizards
  6 worker ants
  A hound zombie (D:7)
  2 hound skeletons
  A howler monkey zombie (D:9)
  A worker ant zombie (D:9)
  7 gnolls
  A river rat (Sewer)
  16 adders
  A shadow imp (D:9)
  2 white imps
  2 ufetubi (D:5)
  A dart slug (D:1)
  36 orcs
  3 giant cockroaches
  7 goblins
  4 hobgoblins
  16 jackals
  6 quokkas
  3 ball pythons
  3 bats
  4 frilled lizards
  12 kobolds
  11 rats
282 creatures vanquished.

Vanquished Creatures (others)
  An orc wizard (D:6)
  29 fungi (D:9)
  31 plants (D:9)
61 creatures vanquished.

Grand Total: 343 creatures vanquished

Notes
Turn   | Place    | Note
-------+----------+-------------------------------------------
     0 | D:1      | mopl the Palentonga Transmuter began the quest for the Orb.
     0 | D:1      | Reached XP level 1. HP: 17/17 MP: 3/3
   208 | D:1      | Reached XP level 2. HP: 24/24 MP: 3/5
   577 | D:1      | Learned a level 2 spell: Wereblood
   713 | D:2      | Reached XP level 3. HP: 22/29 MP: 4/6
   834 | D:2      | Learned a level 3 spell: Spider Form
  1387 | D:3      | Reached skill level 3 in Transmutations
  1594 | D:3      | Reached XP level 4. HP: 36/37 MP: 7/7
  1603 | D:3      | Reached skill level 4 in Unarmed Combat
  2173 | D:3      | Found a shadowy altar of Dithmenos.
  2792 | D:4      | Reached skill level 1 in Poison Magic
  2792 | D:4      | Reached XP level 5. HP: 16/42 MP: 7/9
  2796 | D:4      | HP: 2/42 [worker ant (6)]
  3057 | D:4      | Found a glowing drain.
  3062 | Sewer    | Entered a sewer
  3263 | Sewer    | Reached skill level 3 in Spellcasting
  3263 | Sewer    | Reached skill level 4 in Transmutations
  3263 | Sewer    | Reached XP level 6. HP: 41/50 MP: 10/10
  3286 | Sewer    | Found a white marble altar of Elyvilon.
  3635 | D:4      | Reached skill level 5 in Unarmed Combat
  3854 | D:5      | Entered Level 5 of the Dungeon
  3860 | D:5      | Found a sparkling altar of Nemelex Xobeh.
  3970 | D:5      | Learned a level 4 spell: Ice Form
  4277 | D:5      | Noticed Menkaure
  4309 | D:5      | Killed Menkaure
  4310 | D:5      | Reached skill level 2 in Poison Magic
  4310 | D:5      | Gained mutation: You curl defensively after being hit.
                  | [Palentonga growth]
  4310 | D:5      | Reached XP level 7. HP: 51/55 MP: 7/12
  4442 | D:5      | Reached skill level 5 in Transmutations
  4461 | D:5      | Reached skill level 1 in Ice Magic
  4758 | D:5      | Found a staircase to the Ecumenical Temple.
  4764 | Temple   | Entered the Ecumenical Temple
  4770 | Temple   | Became a worshipper of Cheibriados the Contemplative
  5342 | D:6      | Reached skill level 6 in Unarmed Combat
  5342 | D:6      | Reached skill level 1 in Invocations
  5398 | D:6      | Reached XP level 8. HP: 46/63 MP: 10/13
  5409 | D:6      | Reached * piety under Cheibriados
  5518 | D:6      | Reached skill level 4 in Spellcasting
  5530 | D:6      | Reached skill level 6 in Transmutations
  5530 | D:6      | Reached skill level 2 in Invocations
  5534 | D:6      | Reached skill level 2 in Ice Magic
  5557 | D:6      | HP: 3/63 [orc/+0 flail (2)]
  5942 | D:6      | Got a scorched chain mail
  5953 | D:6      | Identified the cursed +0 chain mail of Wasted Space {rElec
                  | Int-5 Dex+2 SInv} (You found it on level 6 of the Dungeon)
  5967 | D:6      | Noticed Pikel
  5982 | D:6      | Killed Pikel
  5983 | D:6      | Reached skill level 7 in Unarmed Combat
  5983 | D:6      | Reached skill level 3 in Invocations
  5994 | D:6      | Learned a level 5 spell: Blade Hands
  6092 | D:6      | Reached XP level 9. HP: 53/68 MP: 13/15
  6162 | D:6      | Noticed Duvessa
  6162 | D:6      | Noticed Dowan
  6168 | D:6      | Killed Dowan
  6169 | D:6      | Reached skill level 7 in Transmutations
  6172 | D:6      | Killed Duvessa
  6400 | D:6      | Reached ** piety under Cheibriados
  6482 | D:7      | Reached skill level 3 in Ice Magic
  7067 | D:7      | Reached skill level 8 in Unarmed Combat
  7067 | D:7      | Reached skill level 5 in Spellcasting
  7069 | D:7      | Reached skill level 4 in Invocations
  7200 | D:7      | Found Reted's General Store.
  7208 | D:7      | Bought a scroll of teleportation for 30 gold pieces
  7208 | D:7      | Bought a scroll of vulnerability for 75 gold pieces
  7208 | D:7      | Bought a potion of heal wounds for 50 gold pieces
  7208 | D:7      | Bought a wand of paralysis (12) for 140 gold pieces
  7416 | D:8      | Reached skill level 8 in Transmutations
  7440 | D:8      | Noticed Erica
  7530 | D:8      | Killed Erica
  7530 | D:8      | Reached *** piety under Cheibriados
  7531 | D:8      | Reached XP level 10. HP: 47/75 MP: 17/17
  8104 | D:9      | Found a hide-covered altar of Uskayaw.
  8123 | D:9      | Reached skill level 9 in Unarmed Combat
  8123 | D:9      | Reached skill level 4 in Ice Magic
  8123 | D:9      | Reached skill level 5 in Invocations
  8188 | D:9      | Reached skill level 2 in Dodging
  8194 | D:9      | Reached skill level 1 in Throwing
  8194 | D:9      | Found a staircase to the Lair.
  8202 | D:9      | Reached skill level 2 in Fighting
  8340 | D:9      | Reached **** piety under Cheibriados
  8402 | D:9      | Found a staircase to the Orcish Mines.
  8437 | D:9      | Reached skill level 9 in Transmutations
  8888 | D:9      | Reached skill level 6 in Invocations
  9179 | D:9      | Noticed a two-headed ogre
  9182 | D:9      | Killed a two-headed ogre
  9183 | D:9      | Reached skill level 2 in Throwing
  9183 | D:9      | Reached XP level 11. HP: 68/86 MP: 19/19
  9388 | D:9      | Reached ***** piety under Cheibriados
  9389 | D:9      | Reached skill level 10 in Unarmed Combat
  9476 | D:10     | Entered Level 10 of the Dungeon
  9481 | D:10     | Reached skill level 3 in Fighting
  9481 | D:10     | Reached skill level 3 in Dodging
  9647 | D:10     | Noticed an unseen horror
  9653 | D:10     | Killed an unseen horror
  9716 | D:10     | Reached skill level 6 in Spellcasting
  9808 | D:10     | Noticed a cyan ugly thing
  9821 | D:10     | Killed a cyan ugly thing
 10016 | D:10     | Noticed a green ugly thing
 10024 | D:10     | Killed a green ugly thing
 10057 | D:10     | Noticed Grum
 10063 | D:10     | Killed Grum
 10238 | D:11     | Noticed a two-headed ogre
 10245 | D:11     | Killed a two-headed ogre
 10246 | D:11     | Reached skill level 4 in Fighting
 10246 | D:11     | Reached skill level 3 in Throwing
 10246 | D:11     | Reached skill level 7 in Invocations
 10366 | D:11     | Noticed a brown ugly thing
 10373 | D:11     | Reached skill level 4 in Dodging
 10374 | D:11     | Killed a brown ugly thing
 10374 | D:11     | Slain by an orc warrior

Illustrated notes

Levels and vault maps discovered:
D:1:      eino_arrival_tree_alley, layout_basic
D:2:      layout_loops_ring
D:3:      layout_rooms, grunt_dithmenos_smoke_and_mirrors
D:4:      layout_gridville, portal_sewer_entry_e
D:5:      layout_basic, nemelex_xobeh_ov_fountains_minmay,
          minmay_temple_entry_nine_rooms, minmay_tree_intersection,
          uniq_menkaure
D:6:      layout_basic, uniq_duvessa, uniq_pikel
D:7:      layout_gridville, serial_shops, shop
D:8:      layout_loops_cross, uniq_erica
D:9:      layout_loops_ring, due_lair_maze_entry_diamond, david_orc_1_choice,
          basic_altar
D:10:     layout_loops_ring, minmay_misc_feat_alley, uniq_grum
D:11:     cheibrodos_statue_roulette, layout_cave_pools, enter_bailey_5
Temple:   compressed_dpeg_triangle_lava_temple

Skill      XL: |  1  2  3  4  5  6  7  8  9 10 11 |
---------------+----------------------------------+-----
Transmutations | 3 4 5 6 8 9 |  9.6
Unarmed Combat | 4 5 6 7 8 9 10 | 10.8
Poison Magic   | 1 2 |  2.0
Spellcasting   | 3 4 5 6 |  6.4
Ice Magic      | 1 2 3 4 |  4.0
Invocations    | 1 3 4 6 7 |  7.0
Dodging        | 2 4 |  4.0
Throwing       | 2 3 |  3.1
Fighting       | 2 4 |  4.2

Action                   |  1- 3 |  4- 6 |  7- 9 | 10-12 || total
-------------------------+-------+-------+-------+-------++-------
Melee: Unarmed           |   119 |    40 |   258 |   277 ||   694
       Tailslap          |     8 |    13 |    26 |    51 ||    98
       Kick              |     3 |       |     5 |       ||     8
       Headbutt          |     2 |       |     2 |       ||     4
       Whip              |     3 |   118 |     5 |       ||   126
       Punch             |     1 |     2 |       |    19 ||    22
Throw: Dart              |       |       |     3 |       ||     3
 Cast: Beastly Appendage |    14 |       |     2 |       ||    16
       Spider Form       |     2 |     5 |     8 |     1 ||    16
       Ice Form          |       |     1 |     3 |       ||     4
       Wereblood         |       |       |     6 |       ||     6
       Blade Hands       |       |       |     3 |    23 ||    26
Invok: Slouch            |       |       |       |     1 ||     1
       Temporal Distorti |       |       |       |     1 ||     1
 Abil: Rolling Charge    |     3 |       |       |       ||     3
       End Transformatio |     1 |       |     1 |       ||     2
  Use: Scroll            |       |     4 |     5 |    11 ||    20
       Potion            |       |     2 |       |     2 ||     4
 Stab: Sleeping          |     1 |       |     1 |     2 ||     4
Armor: Robe              |    26 |    48 |    62 |    44 ||   180
       Skin              |     1 |     4 |     8 |       ||    13
       Troll leather arm |       |       |       |    36 ||    36
Dodge: Dodged            |    64 |   132 |   154 |   149 ||   499
